AoeStats
← Giovanni93

Lombardia

508030602Analyzed
4v4 RM · 13d ago on Sep 20, 2026· 58m 46s· 8 players
Game mode
Random Map
Map size
Large (8 player)
Population
200
Speed
Normal
Resources
Standard
Victory
Conquest
Starting age
Dark Age
Ending age
Imperial Age
RankedLock teamsTeams togetherTeam positionsShared explorationLock speedFull tech treeHidden civsTurbo modeCheats
Victory
Defeat
🇫🇮 Maya · Finland
1309
+16
🇩🇪 Franks · Germany
1307
+16
🇮🇹 Mongols · Italy
1284
+17
🇨🇴 Spanish · Colombia
1260
+18
🇮🇹 Slavs · Italy
1422
-21
🇮🇹 Britons · Italy
1350
-19
🇮🇹 Ethiopians · Italy
1239
-14
🇮🇹 Spanish · Italy
1215
-13
Jac
0:26 Loom
9:40 Feudal Age
13:21 Forging
13:41 Scale Barding Armor
21:18 Castle Age
19:46 Horse Collar
19:54 Double-Bit Axe
20:13 Gold Mining
20:16 Stone Mining
23:24 Light Cavalry
24:47 Iron Casting
27:08 Bow Saw
27:33 Heavy Plow
28:03 Fletching
30:14 Bodkin Arrow
30:19 Padded Archer Armor
32:27 Leather Archer Armor
33:51 Chain Barding Armor
34:49 Ballistics
34:48 Murder Holes
38:35 Imperial Age
36:42 Masonry
36:59 Caravan
38:21 Husbandry
39:22 Bracer
39:58 Conscription
39:57 Elite Mangudai
41:55 Blast Furnace
42:18 Chemistry
42:08 Bloodlines
43:02 Hussar
46:57 Thumb Ring
47:18 Parthian Tactics
Burgeri
0:34 Loom
11:02 Feudal Age
15:37 Castle Age
14:09 Double-Bit Axe
14:06 Horse Collar
16:41 Bow Saw
16:35 Heavy Plow
22:38 Wheelbarrow
26:00 Hand Cart
25:52 Stone Mining
25:55 Gold Mining
29:41 Imperial Age
27:35 Fletching
28:11 Ballistics
28:40 Bodkin Arrow
28:46 Padded Archer Armor
30:25 Bracer
31:46 Chemistry
31:24 Leather Archer Armor
32:28 Elite Plumed Archer
33:28 Leather Archer Armor
35:51 Ring Archer Armor
38:28 Guilds
41:03 Caravan
48:28 Masonry
48:56 Hoardings
55:20 Coinage
58:17 Holcans
57:49 Scale Mail Armor
57:59 Forging
58:35 Conscription
58:57 Chain Mail Armor
Baratticus
7:04 Loom
9:16 Feudal Age
10:03 Double-Bit Axe
19:59 Castle Age
22:03 Bow Saw
25:38 Wheelbarrow
28:24 Scale Barding Armor
28:21 Husbandry
30:15 Hand Cart
30:42 Gold Mining
34:07 Imperial Age
32:27 Chain Barding Armor
33:12 Forging
34:56 Iron Casting
34:11 Cavalier
35:17 Conscription
35:35 Plate Barding Armor
37:35 Conscription
39:22 Chemistry
38:33 Masonry
39:26 Blast Furnace
40:05 Caravan
42:41 Light Cavalry
44:03 Pikeman
44:43 Squires
44:45 Scale Mail Armor
45:11 Paladin
52:47 Chivalry
55:32 Coinage
59:10 Architecture
58:45 Siege Engineers
59:01 Ballistics
58:58 Chain Mail Armor
58:34 Fletching
58:07 Halberdier
Teodoro
5:39 Loom
11:37 Feudal Age
13:49 Double-Bit Axe
13:46 Horse Collar
16:38 Castle Age
17:30 Bow Saw
23:12 Wheelbarrow
25:02 Elite Skirmisher
25:58 Town Watch
27:19 Thumb Ring
27:06 Fletching
27:21 Pikeman
28:02 Squires
28:52 Fervor
29:03 Sanctity
28:54 Redemption
29:24 Hand Cart
29:07 Bodkin Arrow
29:15 Scale Mail Armor
29:25 Forging
29:53 Arson
33:13 Imperial Age
31:29 Heavy Plow
32:13 Inquisition
32:41 Atonement
33:22 Chain Mail Armor
33:42 Iron Casting
34:18 Conscription
34:23 Supremacy
33:36 Sappers
34:27 Conscription
34:44 Hoardings
34:45 Elite Conquistador
35:57 Halberdier
36:41 Padded Archer Armor
36:41 Bracer
37:43 Two-Man Saw
37:45 Blast Furnace
37:16 Plate Mail Armor
36:51 Scale Barding Armor
36:09 Cavalier
36:49 Husbandry
38:39 Chemistry
38:00 Ballistics
38:04 Block Printing
38:24 Theocracy
38:15 Illumination
38:19 Fortified Wall
38:05 Murder Holes
38:21 Masonry
38:05 Gold Mining
38:06 Stone Mining
38:30 Caravan
40:08 Leather Archer Armor
42:36 Bombard Tower
41:39 Elite Conquistador
42:30 Paladin
43:21 Bloodlines
44:06 Architecture
50:21 Ring Archer Armor
50:11 Chain Barding Armor
54:39 Plate Barding Armor
Buck104
11:45 Feudal Age
15:26 Castle Age
15:20 Double-Bit Axe
19:04 Bow Saw
18:49 Horse Collar
19:56 Loom
23:42 Wheelbarrow
22:55 Town Watch
25:10 Gold Mining
25:12 Stone Mining
28:32 Hand Cart
28:19 Town Patrol
31:02 Imperial Age
29:18 Fletching
29:29 Padded Archer Armor
30:00 Ballistics
30:45 Forging
30:41 Scale Barding Armor
30:55 Heavy Plow
31:52 Bloodlines
31:43 Husbandry
31:51 Elite Conquistador
35:41 Cavalier
38:06 Padded Archer Armor
40:58 Chain Barding Armor
43:45 Plate Barding Armor
52:02 Iron Casting
54:12 Light Cavalry
57:27 Blast Furnace
57:21 Fletching
HSL | Gkublok
10:51 Feudal Age
15:19 Castle Age
14:27 Double-Bit Axe
14:24 Horse Collar
16:14 Bow Saw
16:33 Heavy Plow
21:39 Wheelbarrow
22:18 Loom
24:03 Gold Mining
25:11 Town Watch
29:08 Imperial Age
27:32 Gold Shaft Mining
27:10 Fletching
27:21 Padded Archer Armor
26:44 Crossbowman
27:53 Bodkin Arrow
29:21 Hand Cart
29:48 Leather Archer Armor
30:00 Bracer
31:35 Two-Man Saw
31:07 Ballistics
31:13 Arbalester
33:55 Chemistry
33:33 Yeomen
37:03 Ring Archer Armor
37:13 Murder Holes
37:07 Capped Ram
52:08 Caravan
54:54 Elite Skirmisher
Giovanni93
8:01 Loom
11:03 Feudal Age
13:18 Double-Bit Axe
15:58 Castle Age
14:04 Horse Collar
18:34 Scale Mail Armor
19:48 Wheelbarrow
23:41 Bow Saw
23:34 Heavy Plow
24:36 Gold Mining
29:34 Imperial Age
27:59 Hand Cart
28:23 Gold Shaft Mining
28:54 Stone Mining
29:23 Forging
29:28 Chain Mail Armor
30:17 Stone Shaft Mining
31:26 Chemistry
32:12 Two-Man Saw
33:12 Torsion Engines
32:37 Heavy Scorpion
34:47 Caravan
35:35 Iron Casting
35:31 Plate Mail Armor
37:43 Blast Furnace
37:42 Halberdier
39:32 Ballistics
Monesi28
6:31 Loom
9:47 Feudal Age
10:20 Double-Bit Axe
10:16 Horse Collar
16:10 Wheelbarrow
20:26 Castle Age
18:52 Gold Mining
19:14 Bloodlines
19:06 Scale Mail Armor
20:14 Forging
21:02 Scale Barding Armor
21:05 Light Cavalry
21:40 Town Watch
22:07 Bow Saw
21:59 Heavy Plow
22:51 Husbandry
30:23 Hand Cart
31:42 Gold Shaft Mining
30:58 Stone Mining
33:44 Imperial Age
32:58 Chain Barding Armor
33:13 Iron Casting
33:16 Fletching
33:53 Cavalier
35:09 Plate Barding Armor
38:52 Blast Furnace
38:12 Fletching
38:46 Pikeman
39:27 Squires
40:52 Scale Mail Armor
40:47 Bodkin Arrow
42:32 Two-Man Saw
41:18 Hussar
42:16 Caravan
46:12 Chain Mail Armor
47:27 Conscription
46:38 Capped Ram
48:58 Halberdier
Connection lost

Rejoining the realm…

Still unreachable

The connection could not be restored.

Session expired

The server has moved on; the page needs a fresh start.